 Dungeon Crawl Stone Soup version 0.30-a0-476-g330ca2eb8e (webtiles) character file.

Game seed: 11595614852546952036

574 Raultor the Changer (level 7, -1/51 HPs)
             Began as an Octopode Transmuter on Dec 21, 2022.
             Killed by divine providence
             ... invoked by an orc priest
              (12 damage)
             ... on level 5 of the Dungeon.
             The game lasted 00:08:24 (3985 turns).

Raultor the Changer (Octopode Transmuter)           Turns: 3985, Time: 00:08:24

Health: -1/51      AC:  7    Str:  9    XL:     7   Next: 34%
Magic:  5/10       EV: 10    Int: 18    God:
Gold:   165        SH:  0    Dex: 12    Spells: 1/10 levels left

rFire   x . .      SeeInvis .      - Unarmed
rCold   + + +      Faith    .    (shield currently unavailable)
rNeg    + . .      Spirit   .    (helmet currently unavailable)
rPois   +          Reflect  .    u - amulet of regeneration
rElec   .          Harm     .    P - ring of poison resistance
rCorr   .          Rampage  .    N - ring of positive energy
Will    .....                    (no ring)
Stlth   +.........               (no ring)
HPRegen 1.08/turn                (no ring)
MPRegen 0.12/turn                (no ring)
                                 (no ring)
                                 (no ring)

@: ice-form, wereblooded
A: freezing attack, boosted hp, almost no armour, amphibious, 8 rings, large,
(camouflage 1), (gelatinous body 1), (nimble swimmer 1), (tentacles)
a: End Transformation


You were on level 5 of the Dungeon.
You were a creature of crystalline ice.
You visited 1 branch of the dungeon, and saw 5 of its levels.

You collected 225 gold pieces.
You spent 60 gold pieces at shops.


Innate Abilities, Weirdness & Mutations

You are a creature of crystalline ice.
You have a powerful freezing melee attack.
Your maximum health is increased.
Your armour is entirely melded.
You are incapable of wielding weapons or throwing items.
You cannot wear most types of armour.
You are amphibious.
You can wear up to eight rings at the same time.
((Your skin changes colour to match your surroundings (Stealth+).))
((Your rubbery body absorbs attacks. (AC +1, EV +1)))
((You are camouflaged when in or above water. (Stealth+)))
((You have tentacles for arms and can constrict up to eight enemies at once.))


   Skills:
 + Level 1.0 Fighting
 - Level 2.0 Dodging
 + Level 3.0 Unarmed Combat
 + Level 2.0 Spellcasting
 * Level 5.6 Transmutations
 * Level 5.2 Ice Magic


You had one spell level left.
You knew the following spells:

 Your Spells              Type           Power      Damage    Failure   Level
a - Passwall              Tmut/Erth      10%        N/A       9%          2
b - Beastly Appendage     Tmut           44%        N/A       1%          1
c - Ice Form              Ice/Tmut       21%        N/A       19%         4
w - Wereblood             Tmut           22%        N/A       2%          2

Your spell library contained the following spells:

 Spells                   Type           Power      Damage    Failure   Level
 Sandblast                Erth           2%         2d4       19%         1
 Spider Form              Tmut/Pois      12%        N/A       17%         3
 Cigotuvi's Dreadful Rot  Necr/Pois/Air  2%         N/A       26%         2
 Poisonous Vapours        Pois/Air       2%         N/A       26%         2
 Mephitic Cloud           Conj/Pois/Air  1%         N/A       47%         3
 Stone Arrow              Conj/Erth      2%         3d7       47%         3

Inventory:

Jewellery
 u - an amulet of regeneration (around neck)
 N - a ring of positive energy (right front paw)
 P - a ring of poison resistance (left front paw)
Wands
 b - a wand of mindburst (14)
 r - a wand of flame (7)
Scrolls
 c - 3 scrolls of blinking {unknown}
 g - 2 scrolls of immolation {unknown}
 h - 2 scrolls of silence {unknown}
 i - 4 scrolls of torment
 k - a scroll of magic mapping {unknown}
 m - a scroll of summoning {unknown}
 o - 3 scrolls of identify {@r1}
 p - a scroll of amnesia {unknown}
 q - 2 scrolls of teleportation {unknown}
 s - a scroll of enchant weapon
 w - a scroll of noise {unknown}
Potions
 a - 3 potions of lignification
 d - a potion of attraction
 e - a potion of invisibility
 f - a potion of curing {@q1}
 j - 2 potions of resistance
 l - 2 potions of cancellation
 n - a potion of brilliance
 t - 2 potions of heal wounds {unknown}
 v - a potion of haste {unknown}

Dungeon Overview and Level Annotations

Branches:
Dungeon (5/15)
 Temple: D:4-7

Altars:
Dithmenos
Vehumet

Shops:
D:2 [
D:3 * #...# #)..# #...# #...# #### #...# #!(.# #...##..... #...#o..... +...hoo../. #..Y#....(. #...# oo...

#...# ...# #####
#...# #####
##...###...###...##
##.....##...##.....##
#.......#...#.......#
#.......'...'.......#
#.......#...#.......#


You could see a black bear, an orc priest and 2 orcs.


Message History

The black bear closely misses you.
The black bear claws you but does no damage.
The orc priest mumbles some strange prayers to Beogh against you.
Beogh smites you!
You hit the black bear. You freeze the black bear.
The black bear is heavily wounded.
The orc priest hits you but does no damage.
The black bear bites you but does no damage.
The black bear closely misses you.
The black bear claws you but does no damage.
You hit the black bear. You freeze the black bear.
The black bear is severely wounded.
The orc priest hits you from afar with a +0 trident.
The black bear bites you. The black bear closely misses you.
The black bear claws you.
You hit the black bear. You freeze the black bear.
The black bear is severely wounded.
The orc priest mumbles some strange prayers to Beogh against you.
Beogh smites you!
* * * LOW HITPOINT WARNING * * *
The black bear bites you.
* * * LOW HITPOINT WARNING * * *
The black bear claws you.
* * * LOW HITPOINT WARNING * * *
The black bear claws you but does no damage.
You hit the black bear but do no damage.
The black bear is severely wounded.
The orc priest mumbles some strange prayers to Beogh against you.
Beogh smites you!
You die...

Skill      XL: |  1  2  3  4  5  6  7 |
---------------+----------------------+-----
Ice Magic      | 1 2 3 4 5 |  5.2
Transmutations | 3 4 5 |  5.6
Fighting       | |  1.0
Dodging        | |  2.0
Unarmed Combat | |  3.0
Spellcasting   | |  2.0

Action                   |  1- 3 |  4- 6 |  7- 9 || total
-------------------------+-------+-------+-------++-------
Melee: Unarmed           |    80 |   169 |    20 ||   269
       Constrict         |    21 |    43 |     2 ||    66
       Tentacles         |    13 |    38 |     3 ||    54
       Kick              |    11 |    46 |     2 ||    59
       Punch             |     2 |     2 |       ||     4
 Cast: Beastly Appendage |     9 |    14 |     1 ||    24
       Wereblood         |       |     3 |     1 ||     4
       Ice Form          |       |     2 |     2 ||     4
  Use: Scroll            |       |     7 |       ||     7
 Stab: Sleeping          |     5 |     6 |     1 ||    12
Armor: Skin              |     6 |     7 |    13 ||    26
Dodge: Dodged            |    37 |   106 |    15 ||   158

Levels and vault maps discovered:
D:1:      minmay_arrival_plants_in_alcoves, layout_basic
D:2:      layout_basic, serial_shops, shop, minmay_misc_feat_pillars
D:3:      minmay_bubble_buster, layout_basic, serial_shops, shop, st_stairs_4,
          nicolae_underground_beach
D:4:      kb_forest_paths, layout_basic, vehumet_altar_wand_db, serial_glass,
          glass_columns_b, glass_columns_b, glass_columns_a, glass_columns_b,
          glass_columns_a, glass_columns_c
D:5:      kennysheep_six_static_rooms, layout_cave_pools,
          mainiacjoe_overflow_alcove_2, minivault_11, due_unseen_surprise

Notes
Turn   | Place    | Note
-------+----------+-------------------------------------------
     0 | D:1      | Raultor the Octopode Transmuter began the quest for the
                  | Orb.
     0 | D:1      | Reached XP level 1. HP: 13/13 MP: 3/3
   123 | D:1      | Reached skill level 1 in Ice Magic
   123 | D:1      | Reached XP level 2. HP: 18/18 MP: 3/5
   143 | D:1      | Learned a level 2 spell: Wereblood
   400 | D:1      | Reached XP level 3. HP: 23/23 MP: 6/6
   942 | D:2      | Reached skill level 3 in Transmutations
   942 | D:2      | Reached skill level 2 in Ice Magic
  1150 | D:2      | Found Ihaggoff's Antique Armour Shoppe.
  1290 | D:2      | Reached XP level 4. HP: 20/28 MP: 7/7
  1676 | D:3      | Reached skill level 3 in Ice Magic
  1676 | D:3      | Reached XP level 5. HP: 33/33 MP: 6/8
  1715 | D:3      | You fall into a shaft and drop 1 floor!
  1965 | D:3      | Reached skill level 4 in Transmutations
  2062 | D:3      | Learned a level 4 spell: Ice Form
  2234 | D:3      | Found Umubbiw's Assorted Antiques.
  2242 | D:3      | Bought a scroll labelled QENOIF GAENT for 30 gold pieces
  2242 | D:3      | Bought a scroll labelled QENOIF GAENT for 30 gold pieces
  2244 | D:3      | Identified 2 potions of resistance
  2308 | D:3      | Noticed a centaur
  2321 | D:3      | Killed a centaur
  2322 | D:3      | Reached skill level 4 in Ice Magic
  2322 | D:3      | Reached XP level 6. HP: 21/38 MP: 5/9
  2619 | D:3      | Reached skill level 5 in Transmutations
  3147 | D:4      | Learned a level 2 spell: Passwall
  3148 | D:4      | Found a radiant altar of Vehumet.
  3784 | D:5      | Entered Level 5 of the Dungeon
  3806 | D:5      | Reached XP level 7. HP: 25/43 MP: 8/10
  3865 | D:5      | Found a shadowy altar of Dithmenos.
  3889 | D:5      | Reached skill level 5 in Ice Magic
  3985 | D:5      | Killed from afar by an orc priest

Vanquished Creatures
  A water moccasin (D:5)
  An ogre (D:3)
  A centaur (D:3)
  A jelly (D:5)
  An orc priest (D:3)
  3 gnolls (D:3)
  8 adders
  4 worms
  5 dart slugs
  14 orcs
  8 endoplasms
  2 giant cockroaches
  12 goblins
  10 hobgoblins
  7 jackals
  3 quokkas
  5 ball pythons
  3 bats
  7 frilled lizards
  11 kobolds
  5 rats
112 creatures vanquished.

Table legend: (Time is in decaauts)
 A = Elapsed time spent in this place.
 B = Non-inter-level travel time spent in this place.
 C = Inter-level travel time spent in this place.
 D = Time resting spent in this place.
 E = Time spent auto-exploring this place.
 F = Levels seen in this place.
 G = Mean time per level.
                   A        B        C        D        E       F      G
               +--------+--------+--------+--------+--------+-----+--------+
         Total |   3967 |   3897 |     70 |      0 |   3151 |   5 |  793.4 |
       Dungeon |   3967 |   3897 |     70 |      0 |   3151 |   5 |  793.4 |
               +--------+--------+--------+--------+--------+-----+--------+

Top non-repeatable levels by time:
     D:3: 1178 daAuts
     D:4: 953 daAuts
     D:1: 897 daAuts
     D:2: 738 daAuts
     D:5: 198 daAuts

Table legend:
 A = Non-vault XP
 B = Vault XP
 C = Vault XP percentage of total XP
 D = Non-vault monster count
 E = Vault monster count
 F = Vault count percentage of total count
                 A         B        C        D         E       F
            +---------+---------+-------+---------+---------+-------
      Total |     603 |     217 |  26.5 |      84 |      28 |  25.0
            +---------+---------+-------+---------+---------+-------
        D:1 |      44 |       0 |   0.0 |      24 |       0 |   0.0
        D:2 |      57 |       0 |   0.0 |      17 |       0 |   0.0
        D:3 |     251 |     175 |  41.1 |      26 |      19 |  42.2
        D:4 |      51 |      26 |  33.8 |      13 |       7 |  35.0
        D:5 |     200 |      16 |   7.4 |       4 |       2 |  33.3
            +---------+---------+-------+---------+---------+-------
